 Dungeon Crawl Stone Soup version 0.28-a0-1518-gbe868bca14 (webtiles) character file.

Game seed: 2887131319921158725

1828 buddhastalin the Slicer (level 9, -1/55 HPs)
             Began as a Kobold Brigand on Jan 16, 2022.
             Was a Follower of Makhleb.
             Slain by a sky beast (6 damage)
             ... on level 6 of the Dungeon.
             The game lasted 00:10:31 (4937 turns).

buddhastalin the Slicer (Kobold Brigand)            Turns: 4937, Time: 00:10:32

Health: -1/55      AC:  4    Str:  8    XL:     9   Next: 32%
Magic:  9/9        EV: 18    Int: 22    God:    Makhleb [*.....]
Gold:   120        SH:  0    Dex: 17    Spells: 8/8 levels left

rFire   . . .      SeeInvis .   a - +0 dagger (elec)
rCold   + . .      Faith    .   (no shield)
rNeg    . . .      Spirit   .   b - +0 robe
rPois   .          Reflect  .   (no helmet)
rElec   .          Harm     .   c - +0 cloak
rCorr   .          Rampage  .   (no gloves)
Will    .....                   h - +0 pair of boots
Stlth   +++++.....              (no amulet)
HPRegen 0.18/turn               g - +6 ring of intelligence
MPRegen 0.11/turn               r - ring of protection from cold

@: no status effects
A: small, no large weapons, nightstalker 3
a: Renounce Religion


You were on level 6 of the Dungeon.
You worshipped Makhleb.
Makhleb was aware of your devotion.
You visited 1 branch of the dungeon, and saw 6 of its levels.

You collected 148 gold pieces.
You spent 28 gold pieces at shops.

Inventory:

Hand Weapons
 a - a +0 dagger of electrocution (weapon)
Missiles
 d - 11 poisoned darts (quivered)
 e - 2 curare-tipped darts
Armour
 b - a +0 robe (worn)
 c - a +0 cloak (worn)
 h - a +0 pair of boots (worn)
Jewellery
 g - a +6 ring of intelligence (left hand)
 r - a ring of protection from cold (right hand)
 u - an amulet of faith
 x - the ring of Divine Compulsion {rN+ rCorr MP+9 Str+4 Stlth-}
   (You found it on level 5 of the Dungeon)

   [ring of resist corrosion]

   Str:       It affects your strength (+4).
   rN:        It protects you from negative energy.
   MP:        It affects your magic capacity (+9).
   rCorr:     It protects you from acid and corrosion.
   Stlth:     It makes you less stealthy.
Wands
 p - a wand of flame (17)
Scrolls
 f - a scroll of enchant armour {unknown}
 i - 2 scrolls of identify
 j - 4 scrolls of teleportation {unknown}
 k - a scroll of enchant weapon {unknown}
 m - a scroll of amnesia {unknown}
 s - a scroll of fear {unknown}
 t - 2 scrolls of blinking {unknown}
 v - 2 scrolls of fog {unknown}
Potions
 l - a potion of brilliance
 n - a potion of flight
 o - 2 potions of attraction


   Skills:
 + Level 6.0 Fighting
 * Level 9.8 Short Blades
 - Level 2.1 Throwing
 + Level 6.1 Dodging
 + Level 9.0 Stealth


You had 8 spell levels left.
You didn't know any spells.
Your spell library contained the following spells:

 Spells                   Type           Power      Damage    Failure   Level
 Gell's Gravitas          Tloc           0%         N/A       45%         3
 Teleport Other           Tloc           0%         N/A       45%         3
 Airstrike                Air            0%         N/A       86%         4
 Summon Lightning Spire   Summ/Air       0%         N/A       86%         4
 Lightning Bolt           Conj/Air       0%         1d11      99%         5
 Dispersal                Tloc           0%         N/A       100%        6


Dungeon Overview and Level Annotations

Branches:
Dungeon (6/15)
 Temple: D:4-7

Altars:
Dithmenos
Kikubaaqudgha
Makhleb
Nemelex Xobeh
Ru
The Shining One

Shops:
D:5 [*


Innate Abilities, Weirdness & Mutations

You are small and have problems with some larger weapons.
You are completely attuned to the shadows.


Message History

The sky beast is moderately wounded.
The sky beast hits you. The sky beast shocks you.
You are too injured to fight recklessly!
You are too injured to fight recklessly!
You are too injured to fight recklessly!
You miss the sky beast.
The sky beast is moderately wounded.
You hit the sky beast.
The sky beast is heavily wounded.
The sky beast barely misses you.
You hit the sky beast but do no damage.
The sky beast is heavily wounded.
You hit the sky beast but do no damage.
The sky beast is heavily wounded.
The sky beast hits you. The sky beast shocks you.
You hit the sky beast but do no damage.
The sky beast is heavily wounded.
You closely miss the sky beast.
The sky beast is heavily wounded.
The sky beast hits you but does no damage.
It was a potion of magic.
Magic courses through your body.
The sky beast hits you but does no damage.
It was a potion of curing.
You feel better.
The sky beast flickers out of sight!
Deactivating autopickup; reactivate with Ctrl-A.
Something hits you. Something shocks you.
* * * LOW HITPOINT WARNING * * *
Something hits you.
* * * LOW HITPOINT WARNING * * *
Something shocks you.
* * * LOW HITPOINT WARNING * * *
A sky beast appears from thin air!
Reactivating autopickup.
The sky beast flickers out of sight!
Deactivating autopickup; reactivate with Ctrl-A.
There is a stone staircase leading up here.
Something hits you.
* * * LOW HITPOINT WARNING * * *
Something shocks you.
You die...

####### ##..##.##
#.......## ..
#.#......#
...####.#......#
...#...........#
...............####
..................##
#...@#.............#
###...............#
#..............##
#...........#.[#.
#................#
.....#.#........
....#.#.....#.#
.....).....###
...####...


There were no monsters in sight!

Vanquished Creatures
  Grinder (D:3)
  Sigmund (D:3)
  A black bear (D:4)
  A necrophage (D:4)
  A centaur (D:6)
  2 ogres
  A phantom (D:5)
  4 scorpions
  2 water moccasin zombies (D:4)
  A water moccasin skeleton (D:4)
  2 wights (D:4)
  A bullfrog zombie (D:5)
  2 bullfrog skeletons (D:5)
  A jelly (D:4)
  A human zombie (D:4)
  A scorpion zombie (D:4)
  Terence (D:3)
  2 iguanas
  Natasha (twice) (D:2)
  A hound zombie (D:4)
  A hound skeleton (D:4)
  3 gnolls (D:2)
  6 adders
  4 adder zombies (D:4)
  3 worms
  An adder skeleton (D:4)
  2 dart slugs
  2 orcs
  5 bats
  4 endoplasms
  A giant cockroach (D:1)
  8 goblins
  6 hobgoblins
  4 jackals
  9 kobolds
  6 quokkas
  7 ball pythons
  2 frilled lizards (D:1)
  11 rats
114 creatures vanquished.

Notes
Turn   | Place    | Note
-------+----------+-------------------------------------------
     0 | D:1      | buddhastalin the Kobold Brigand began the quest for the
                  | Orb.
     0 | D:1      | Reached XP level 1. HP: 12/12 MP: 1/1
   136 | D:1      | Reached XP level 2. HP: 18/18 MP: 2/2
   397 | D:1      | Reached XP level 3. HP: 16/22 MP: 3/3
   964 | D:2      | You fall into a shaft and drop 2 floors!
   968 | D:4      | Noticed an ogre
   972 | D:4      | Killed an ogre
   973 | D:4      | Reached XP level 4. HP: 28/28 MP: 4/4
   973 | D:4      | Reached XP level 5. HP: 32/32 MP: 5/5
   986 | D:4      | Found a shadowy altar of Dithmenos.
  1008 | D:4      | Found a sacrificial altar of Ru.
  1010 | D:4      | Reached skill level 5 in Short Blades
  1016 | D:4      | Reached XP level 6. HP: 37/37 MP: 6/6
  1025 | D:4      | Found a glowing golden altar of the Shining One.
  1037 | D:4      | Noticed a black bear
  1041 | D:4      | Killed a black bear
  1049 | D:3      | Noticed Grinder
  1051 | D:3      | Killed Grinder
  1052 | D:3      | Reached XP level 7. HP: 43/43 MP: 7/7
  1087 | D:3      | Noticed Terence
  1095 | D:3      | Killed Terence
  1241 | D:2      | Found a faded altar of an unknown god.
  1567 | D:2      | Noticed Natasha
  1571 | D:2      | Killed Natasha
  1820 | D:2      | Noticed Natasha
  1828 | D:2      | Killed Natasha
  2450 | D:3      | Noticed Sigmund
  2454 | D:3      | Killed Sigmund
  2455 | D:3      | Reached XP level 8. HP: 48/48 MP: 8/8
  2657 | D:3      | Found a burning altar of Makhleb.
  2659 | D:3      | Noticed a green death
  2660 | D:3      | Noticed a hellwing
  2662 | D:3      | Became a worshipper of Makhleb the Destroyer
  3372 | D:4      | Found an ancient bone altar of Kikubaaqudgha.
  3375 | D:4      | Reached skill level 5 in Fighting
  3383 | D:4      | Reached skill level 5 in Dodging
  3410 | D:4      | Reached * piety under Makhleb
  3642 | D:4      | Reached XP level 9. HP: 54/54 MP: 9/9
  3829 | D:5      | Entered Level 5 of the Dungeon
  4164 | D:5      | Found Lancelot's Dragon-Slaying Spoils.
  4278 | D:5      | Found a sparkling altar of Nemelex Xobeh.
  4663 | D:5      | Found Erghiryarph's General Store.
  4668 | D:5      | Bought a scroll of identify for 28 gold pieces
  4715 | D:5      | Identified the ring of Divine Compulsion {rN+ rCorr MP+9
                  | Str+4 Stlth-}
  4937 | D:6      | Slain by a sky beast

Illustrated notes

Levels and vault maps discovered:
D:1:      nzn_arrival_water_spiral, layout_basic, minmay_pentomino_z2
D:2:      layout_basic, basic_ecumenical_altar, uniq_natasha
D:3:      layout_basic, makhleb_altar_promises_db, minmay_strange_pillars,
          minmay_surrounded, uniq_grinder, uniq_terence, uniq_sigmund
D:4:      layout_layer_cave, nicolae_overflow_crystal_walls,
          nicolae_dithmenos_through_a_glass_darkly,
          lemuel_mausoleum_altar_kikubaaqudgha, mainiacjoe_overflow_alcove_4,
          minmay_misc_feat_nine_boxes, nicolae_zen_rock_garden,
          minmay_misc_feat_roman
D:5:      layout_cave_pods, nemelex_dance_club_becter, serial_shops,
          nicolae_shop_temple_entry_statues_fountains, serial_column_ruins,
          column_ruins_open_tiny, column_ruins_open_large, column_ruins_grid_1,
          column_ruins_open_small_water, nicolae_shop_dragon_depot
D:6:      layout_cave_pools, minmay_temple_entry_hall,
          hangedman_abyss_or_decor_stagger, columned_hall_lemuel

Skill      XL: |  1  2  3  4  5  6  7  8  9 |
---------------+----------------------------+-----
Short Blades   | 3 4 5 6 7 9 |  9.8
Dodging        | 2 3 4 5 6 |  6.1
Fighting       | 3 4 5 6 |  6.0
Stealth        | 6 7 8 9 |  9.0
Throwing       | |  2.1

Action                   |  1- 3 |  4- 6 |  7- 9 || total
-------------------------+-------+-------+-------++-------
Melee: Dagger            |    76 |     6 |   227 ||   309
       Punch             |       |       |     5 ||     5
  Use: Scroll            |       |       |     3 ||     3
       Potion            |       |       |     2 ||     2
 Stab: Sleeping          |    16 |     5 |    43 ||    64
       Distracted        |       |       |     1 ||     1
Armor: Robe              |    10 |       |    16 ||    26
Dodge: Dodged            |    35 |       |    69 ||   104

Table legend: (Time is in decaauts)
 A = Elapsed time spent in this place.
 B = Non-inter-level travel time spent in this place.
 C = Inter-level travel time spent in this place.
 D = Time resting spent in this place.
 E = Time spent auto-exploring this place.
 F = Levels seen in this place.
 G = Mean time per level.
                   A        B        C        D        E       F      G
               +--------+--------+--------+--------+--------+-----+--------+
         Total |   4842 |   4785 |     57 |    801 |   3306 |   6 |  807.0 |
       Dungeon |   4842 |   4785 |     57 |    801 |   3306 |   6 |  807.0 |
               +--------+--------+--------+--------+--------+-----+--------+

Top non-repeatable levels by time:
     D:2: 1048 daAuts
     D:5: 1015 daAuts
     D:3: 959 daAuts
     D:4: 895 daAuts
     D:1: 867 daAuts
     D:6: 57 daAuts
